 Dungeon Crawl Stone Soup version 0.29.1-15-g9cfb28693d (webtiles) character file.

Game seed: 6880884209365838097

7329 promet the Covered (level 9, 0/74 HPs)
             Began as a Hill Orc Wanderer on Mar 8, 2023.
             Was an Elder of Ru.
             Slain by a freezing wraith (23 damage)
             ... on level 2 of the Abyss on Mar 9, 2023.
             The game lasted 02:04:23 (20422 turns).

promet the Covered (Hill Orc Wanderer)             Turns: 20422, Time: 02:04:23

Health: 0/74       AC: 13    Str: 11    XL:     9   Next: 13%
Magic:  11/11      EV: 14    Int: 13    God:    Ru [****..]
Gold:   582        SH:  0    Dex: 13    Spells: 9/10 levels left

rFire   . . .      SeeInvis .   c - +2 halberd (flame)
rCold   . . .      Faith    .   (shield currently unavailable)
rNeg    + . .      Spirit   .   C - +6 scale mail of the Centipede {rN+ rCorr}
rPois   .          Reflect  .   (no helmet)
rElec   .          Harm     .   d - +1 cloak
rCorr   +          Rampage  .   (no gloves)
Will    +....                   (no boots)
Stlth   +.........              k - amulet of the acrobat
HPRegen 0.22/turn               r - ring of willpower
MPRegen 0.12/turn               N - +4 ring of evasion

@: exhausted, about to teleport, unable to drink
A: unskilled 1, inexperienced 2, [deformed body], [screaming 2], ([teleportitis
2]), [weak 2], [subdued magic 2], [inability to drink after injury 2]
a: Renounce Religion, Draw Out Power, Power Leap


You were on level 2 of the Abyss.
You worshipped Ru.
Ru was greatly pleased with you.
You visited 1 branch of the dungeon, and saw 9 of its levels.
You visited the Abyss 1 time.
You also visited: Sewer and Bailey.

You collected 582 gold pieces.

Inventory:

Hand Weapons
 a - a +1 spectral rapier
 b - a +2 arbalest of freezing
 c - a +2 halberd of flaming (weapon)
 l - a +0 glaive
 G - a +1 whip of electrocution
 M - a +0 battleaxe
 O - a +3 dire flail
 R - a +4 trident
 S - a +5 short sword
Missiles
 e - 18 boomerangs (quivered)
 f - 81 stones
 q - 4 throwing nets
 F - 27 poisoned darts
 U - 5 silver boomerangs
Armour
 d - a +1 cloak (worn)
 i - a +1 pair of boots
 j - a +0 ring mail
 p - a +0 tower shield
 C - the +6 scale mail of the Centipede (worn) {rN+ rCorr}
   (You found it on level 4 of the Dungeon)

   rN:        It protects you from negative energy.
   rCorr:     It protects you from acid and corrosion.
 J - a +0 crystal plate armour
 K - a +0 robe
Magical Staves
 L - a staff of poison
Jewellery
 k - an amulet of the acrobat (around neck)
 r - a ring of willpower (left hand)
 E - a ring of protection from fire
 N - a +4 ring of evasion (right hand)
Wands
 n - a wand of flame (6)
 w - a wand of paralysis (7)
 y - a wand of polymorph (12)
 D - a wand of iceblast (3)
 H - a wand of acid (3)
Scrolls
 g - a scroll of magic mapping
 h - 2 scrolls of teleportation
 m - 4 scrolls of amnesia
 P - a scroll of summoning {unknown}
 T - a scroll of identify
Potions
 o - 2 potions of attraction
 s - 4 potions of curing
 t - 4 potions of flight
 u - 2 potions of degeneration {unknown}
 v - 2 potions of ambrosia
 x - a potion of resistance
 z - 2 potions of cancellation
 A - a potion of magic
 B - 3 potions of brilliance
 I - a potion of lignification {unknown}
 Q - a potion of heal wounds


   Skills:
 + Level 5.5 Fighting
 + Level 5.0 Short Blades
 + Level 0.4 Maces & Flails
 + Level 5.9 Polearms
 * Level 4.3 Ranged Weapons
 + Level 3.1 Throwing
 + Level 7.8 Armour
 + Level 4.0 Dodging
 + Level 2.0 Stealth
 + Level 0.1 Shields
 + Level 1.3 Spellcasting
 + Level 2.1 Conjurations
 + Level 6.1 Earth Magic
 * Level 3.0 Evocations


You had 9 spell levels left.
You knew the following spells:

 Your Spells              Type           Power      Damage    Failure   Level
a - Sandblast             Erth           20%        2d7       6%          1

Your spell library contained the following spells:

 Spells                   Type           Power      Damage    Failure   Level
 Passwall                 Tmut/Erth      4%         N/A       38%         2
 Stone Arrow              Conj/Erth      14%        3d7       45%         3
 Shock                    Conj/Air       8%         1d3       52%         1
 Static Discharge         Conj/Air       2%         3-4/arc   67%         2
 Apportation              Tloc           0%         N/A       69%         1
 Necrotise                Necr           0%         1d4       69%         1
 Summon Small Mammal      Summ           0%         N/A       69%         1
 Ensorcelled Hibernation  Hex/Ice        0%         N/A       83%         2
 Dazzling Flash           Conj/Hex       4%         N/A       89%         3
 Animate Armour           Summ/Erth      10%        N/A       96%         4
 Swiftness                Air            0%         N/A       97%         3
 Agony                    Necr           0%         N/A       100%        5
 Lightning Bolt           Conj/Air       1%         1d12      100%        5
 Silence                  Hex/Air        0%         N/A       100%        5
 Maxwell's Capacitive Co  Air            0%         ∞         100%        8


Dungeon Overview and Level Annotations

Branches:
Dungeon (9/15)             Temple (0/1) D:5           Sewer (visited)
 Bailey (visited)
   Lair: D:8-11         Orc: D:9-12

Altars:
Elyvilon
Gozag
Qazlal
Ru

Shops:
D:3 *[

Annotations:
D:8 Grum


Innate Abilities, Weirdness & Mutations

You are somewhat unskilled. (-1 Apt)
You are inexperienced. (-2 XL)
[Armour fits poorly on your strangely shaped body.]
[You frequently scream uncontrollably at your foes.]
[((You are often teleported next to monsters.))]
[You are very weak. (Str -4)]
[Your spells are easier to cast, but less powerful.]
[You sometimes lose the ability to drink potions when taking damage.]


Message History

Your +1 spectral rapier hits the wretched star.
The freezing wraith hits your +1 spectral rapier but does no damage.
The freezing wraith hits your +1 spectral rapier!
Your spectral weapon shares its damage with you!
You cannot drink potions in your current state!
Okay, then.
Okay, then.
You cannot drink potions in your current state!
Unknown command.
As you read the scroll of teleportation, it crumbles to dust.
You feel strangely unstable.
You feel the power of the Abyss delaying your translocation!
Aiming: Corrosive Bolt
Press: ? - help, Shift-Dir - straight line, f/p - wretched star
Aim: a wretched star (purple smoke, heavily damaged, blind, 71% to hit)
The bolt of acid hits the wretched star.
The acid corrodes the wretched star!
The wretched star is heavily damaged.
You redirect the wretched star's attack!
The wretched star glows turbulently.
The lance of force hits the freezing wraith!
The freezing wraith is knocked back by the lance of force.
You barely miss the wretched star.
The wretched star is heavily damaged.
Your +1 spectral rapier hits the wretched star!
You catch the helpless wretched star completely off-guard!
You puncture the wretched star!
The wretched star is almost destroyed.
Your +1 spectral rapier hits the wretched star!
You destroy the wretched star!
Your life force feels restored.
Your Evocations skill increases to level 3!
Press: ? - help, v - describe, . - travel
Here: a freezing wraith (moderately damaged)
The floor.
Your spectral weapon disappears.
Your +2 halberd of flaming bursts into flame!
c - a +2 halberd of flaming (weapon)
The freezing wraith hits you. The freezing wraith freezes you!!
You die...

.# .## #
..#. ..#.##
#........
#. .... .
......#
#....# ##.
####
#''#§.# #.
..#.W@# ..
.#.###
#.....#....
# ##'.###.
# ## # # .


You could see a freezing wraith.

Vanquished Creatures
  A two-headed ogre (D:8)
  A wretched star (Abyss:2)
  Pikel (D:4)
  Joseph (D:8)
  A komodo dragon (D:8)
  A hornet (D:8)
  3 yaks (D:8)
  Menkaure (D:4)
  A water moccasin (D:5)
  Pargi (Sewer)
  An ice beast (D:7)
  3 sky beasts
  A black bear (D:7)
  8 wolves
  2 centaurs
  A kobold brigand (D:8)
  3 lemures (D:4)
  8 gnoll sergeants (Bailey)
  5 scorpions
  3 bullfrogs
  A necrophage (D:6)
  11 wights
  A howler monkey (D:6)
  2 crimson imps
  6 hounds
  8 gnoll boudas
  A jelly (D:8)
  An orc priest (D:5)
  8 iguanas
  3 orc wizards
  23 gnolls
  8 adders
  2 shadow imps
  A white imp (D:4)
  An ufetubus (D:5)
  2 worms
  3 dart slugs
  19 orcs
  8 ball pythons
  7 endoplasms
  9 giant cockroaches
  4 goblins
  9 hobgoblins
  10 jackals
  6 quokkas
  5 bats
  7 frilled lizards
  9 kobolds
  2 rats (D:1)
224 creatures vanquished.

Vanquished Creatures (others)
  A small abomination (Abyss:2)
  A wolf (D:8)
  An iguana (D:4)
  2 gnolls
  An adder (D:6)
  A kobold (D:8)
  8 fungi (D:6)
  5 plants (D:8)
20 creatures vanquished.

Grand Total: 244 creatures vanquished

Notes
Turn   | Place    | Note
-------+----------+-------------------------------------------
     0 | D:1      | promet the Hill Orc Wanderer began the quest for the Orb.
     0 | D:1      | promet set off with the following items: a +0 club, a
                  | scroll of teleportation, a +0 robe, a +0 cloak; and the
                  | following spells available to memorise: Sandblast,
                  | Passwall, Shock, Stone Arrow, Animate Armour.
     0 | D:1      | Reached XP level 1. HP: 16/16 MP: 2/2
   386 | D:1      | Reached XP level 2. HP: 17/23 MP: 3/3
   491 | D:1      | Learned a level 1 spell: Sandblast
   528 | D:1      | You fall into a shaft and drop 1 floor!
  1445 | D:1      | Reached XP level 3. HP: 20/28 MP: 1/4
  2502 | D:2      | Reached skill level 1 in Short Blades
  2755 | D:2      | Reached XP level 4. HP: 33/36 MP: 4/6
  4519 | D:2      | Reached skill level 1 in Armour
  4519 | D:2      | Reached XP level 5. HP: 42/42 MP: 7/7
  4622 | D:3      | Found Xuuw's Armour Shop.
  4765 | D:3      | You fall into a shaft and drop 3 floors!
  4834 | D:5      | Entered Level 5 of the Dungeon
  4840 | D:5      | Found a sacrificial altar of Ru.
  4850 | D:5      | Became a worshipper of Ru the Awakened
  4962 | D:5      | Found a staircase to the Ecumenical Temple.
  5066 | D:3      | Found a glowing drain.
  5071 | D:3      | Reached skill level 2 in Armour
  5085 | Sewer    | Entered a sewer
  5236 | Sewer    | Noticed Pargi
  5263 | Sewer    | Killed Pargi
  5264 | Sewer    | Reached skill level 1 in Polearms
  5264 | Sewer    | Reached skill level 1 in Throwing
  5264 | Sewer    | Reached XP level 6. HP: 41/50 MP: 8/8
  6064 | D:3      | Found Gozag's Platinum Reserve.
  6065 | D:3      | Found an opulent altar of Gozag.
  6105 | D:3      | Found a stormy altar of Qazlal.
  6680 | D:3      | Found a faded altar of an unknown god.
  7070 | D:4      | Gained mutation: You are somewhat unskilled. (-1 Apt) [Ru
                  | sacrifice]
  7070 | D:4      | Reached * piety under Ru
  7637 | D:5      | Reached skill level 1 in Throwing
  7637 | D:5      | Reached XP level 7. HP: 56/56 MP: 9/9
  7901 | D:4      | Reached skill level 3 in Armour
  7971 | D:4      | Noticed Pikel
  8683 | D:4      | Noticed Menkaure
  8699 | D:4      | Killed Menkaure
  9154 | D:4      | Killed Pikel
  9155 | D:4      | Reached skill level 4 in Armour
  9155 | D:4      | Reached XP level 8. HP: 13/64 MP: 10/10
  9485 | D:4      | Identified the +6 scale mail of the Centipede {rN+ rCorr}
 10444 | D:5      | Noticed a two-headed ogre
 11762 | D:6      | Reached skill level 1 in Stealth
 11980 | D:6      | Reached skill level 5 in Armour
 12290 | D:6      | Reached XP level 9. HP: 71/71 MP: 11/11
 12856 | D:7      | Gained mutation: You are somewhat inexperienced. (-1 XL)
                  | [Ru sacrifice]
 12856 | D:7      | Reached XP level 8. HP: 66/66 MP: 10/10
 12856 | D:7      | Reached ** piety under Ru
 12856 | D:7      | Reached *** piety under Ru
 12867 | D:7      | Reached skill level 5 in Earth Magic
 12974 | D:7      | Found a flagged portal.
 12989 | Bailey   | Entered a bailey
 14231 | Bailey   | Reached skill level 5 in Polearms
 14231 | Bailey   | Reached skill level 6 in Armour
 14983 | Bailey   | Reached skill level 1 in Ranged Weapons
 15639 | D:7      | Reached XP level 9. HP: 63/72 MP: 11/11
 16310 | D:7      | Found a white marble altar of Elyvilon.
 17085 | D:8      | Noticed a two-headed ogre
 17182 | D:8      | Noticed Joseph
 17195 | D:8      | Killed Joseph
 17196 | D:8      | Reached skill level 7 in Armour
 17196 | D:8      | Reached skill level 1 in Evocations
 17780 | D:8      | Killed a two-headed ogre
 17781 | D:8      | Reached skill level 5 in Fighting
 18526 | D:8      | Gained mutation: You are inexperienced. (-2 XL) [Ru
                  | sacrifice]
 18526 | D:8      | Reached XP level 8. HP: 68/68 MP: 10/10
 18526 | D:8      | Reached **** piety under Ru
 18725 | D:8      | Noticed Grum
 19598 | D:8      | Reached skill level 5 in Short Blades
 19598 | D:8      | Reached XP level 9. HP: 73/74 MP: 11/11
 20303 | D:9      | Noticed a wizard
 20307 | Abyss:2  | Cast into level 2 of the Abyss (a wizard)
 20390 | Abyss:2  | Noticed a wretched star
 20421 | Abyss:2  | Killed a wretched star
 20422 | Abyss:2  | Slain by a freezing wraith

Illustrated notes

Levels and vault maps discovered:
D:1:      nzn_arrival_depleted_hourglass, layout_rooms,
          chequers_serial_rivers_micro_e, minmay_tall_x
D:2:      layout_loops_ring
D:3:      layout_loops_ring, mainiacjoe_overflow_paths,
          nicolae_gozag_zags_fifth_avenue, gup_sewer_entry_pipe, serial_shops,
          nicolae_shop_trees, shapermc_ecumenical_altar_notcrosses
D:4:      layout_gridville, minmay_fire_ice_demons, uniq_menkaure, uniq_pikel
D:5:      layout_basic, hangedman_ru_absence, minmay_temple_entry_proselytizer,
          minmay_small_thing
D:6:      layout_basic, dreamdust_gnoll_farm
D:7:      layout_loops_ring, amcnicky_altar_gilded, enter_bailey_2
D:8:      layout_basic, minmay_lizard_king, uniq_joseph, uniq_grum
D:9:      layout_roguey, zin_statuary, lightli_temple_of_fire,
          lightli_wizard_tower
Abyss:2:  base:
D:5

Skill      XL: |  1  2  3  4  5  6  7  8  9 |
---------------+----------------------------+-----
Short Blades   | 1 2 5 4 |  5.0
Fighting       | 2 2 3 4 5 |  5.5
Armour         | 1 2 4 6 7 |  7.8
Polearms       | 1 2 3 5 |  5.9
Throwing       | 1 1 3 |  3.1
Conjurations   | 2 |  2.1
Dodging        | 2 3 4 |  4.0
Stealth        | 2 |  2.0
Earth Magic    | 5 6 |  6.1
Ranged Weapons | 3 4 |  4.3
Evocations     | 2 3 |  3.0
Maces & Flails | |  0.4
Shields        | |  0.1
Spellcasting   | |  1.3

Action                   |  1- 3 |  4- 6 |  7- 9 || total
-------------------------+-------+-------+-------++-------
Melee: Club              |    41 |       |       ||    41
       Punch             |     2 |     2 |     4 ||     8
       Dagger            |   113 |    84 |       ||   197
       Halberd           |       |    59 |   233 ||   292
       Rapier            |       |    54 |   308 ||   362
 Fire: Arbalest          |       |       |    41 ||    41
Throw: Boomerang         |     3 |    34 |    51 ||    88
       Dart              |       |       |     5 ||     5
       Throwing net      |       |       |     1 ||     1
 Cast: Sandblast         |    21 |       |     2 ||    23
Invok: Sacrifice Skill   |       |     1 |       ||     1
       Sacrifice Experie |       |       |     2 ||     2
       Draw Out Power    |       |       |     2 ||     2
       Power Leap        |       |       |     1 ||     1
Evoke: Wand              |       |       |    15 ||    15
  Use: Scroll            |     5 |    12 |     9 ||    26
       Potion            |       |     2 |     9 ||    11
 Stab: Distracted        |       |       |     2 ||     2
       Invisible         |       |       |     4 ||     4
       Held in net/web   |       |       |     1 ||     1
Armor: Robe              |    27 |       |       ||    27
       Ring mail         |    39 |    70 |    42 ||   151
       Crystal plate arm |       |       |   130 ||   130
       Scale mail        |       |       |   141 ||   141
Dodge: Dodged            |   138 |   122 |   315 ||   575
Block: Tower shield      |       |     4 |       ||     4
